 Dungeon Crawl Stone Soup version 0.20-a0-809-gaf7f668 (webtiles) character file.

35 Goblin1989 the Slasher (level 3, 0/43 HPs)
             Began as a Demonspawn Monk on Mar 3, 2017.
             Succumbed to an adder's poison
             ... on level 2 of the Dungeon.
             The game lasted 00:04:06 (1439 turns).

Goblin1989 the Slasher (Demonspawn Monk)            Turns: 1439, Time: 00:04:07

Health: 0/43       AC: 21    Str: 17    XL:     3   Next: 17%
Magic:  1/3        EV:  2    Int: 16    God:
Gold:   59         SH:  4    Dex: 15    Spells: 2/2 levels left

rFire    . . .     SeeInvis .   a - +0 falchion
rCold    . . .     Gourm    .   (armour currently unavailable)
rNeg     + + +     Faith    .   (no shield)
rPois    +         Spirit   +   (helmet currently unavailable)
rElec    .         Reflect  +   (cloak currently unavailable)
rCorr    .         Harm     .   (gloves currently unavailable)
MR       +....     NoTele   +   (boots currently unavailable)
Stlth    ++........             j - +4 amulet of reflection
Regen    0.2/turn               (no ring)
MPRegen  0.1/turn               m - ring of protection from magic

@: mighty, brilliant, lethally poisoned (0 -> -7), tree-form
A: repulsion field 1, magic shield
a: no special abilities


You were on level 2 of the Dungeon.
You were not hungry.
You were a tree.
You visited 1 branch of the dungeon, and saw 2 of its levels.

You collected 59 gold pieces.

Inventory:

Hand Weapons
 a - a +0 falchion (weapon)
Missiles
 Z - a throwing net {!d, =f}
Armour
 n - a +0 ring mail (melded)
Jewellery
 j - a +4 amulet of reflection (around neck)
 m - a ring of protection from magic (left branch)
Scrolls
 f - a scroll of enchant armour {unknown}
 g - a scroll of teleportation {unknown}
 i - a scroll of amnesia {unknown}
Potions
 d - a potion of resistance {unknown}
Comestibles
 b - 3 chunks of flesh
 e - 2 bread rations {@e1}


   Skills:
 - Level 3.0 Fighting
 + Level 3.9 Long Blades
 - Level 2.6 Dodging
 - Level 1.7 Stealth


You had 2 spell levels left.
You didn't know any spells.

Dungeon Overview and Level Annotations

Branches:
Dungeon (2/15)

Altars:


Innate Abilities, Weirdness & Mutations

You are surrounded by a mild repulsion field. (EV +2)
When hurt, damage is shared between your health and your magic reserves.


Message History

You are too injured to fight recklessly!
You are too injured to fight recklessly!
You are too injured to fight recklessly!
You are too injured to fight recklessly!
You are too injured to fight recklessly!
You are too injured to fight recklessly!
You are too injured to fight recklessly!
You are too injured to fight recklessly!
You are too injured to fight recklessly!
You miss the adder. The adder closely misses you.
You riposte.
You hit the adder.
The adder is lightly wounded.
You barely miss the adder.
The adder is lightly wounded.
You feel sick. The adder misses you.
You riposte.
You miss the adder.
The adder is lightly wounded.
The adder barely misses you.
You take 1 damage, and have 16/29 hp.
You closely miss the adder.
The adder is lightly wounded.
The adder bites you but does no damage.
You closely miss the adder.
The adder is lightly wounded.
You feel sick. The adder barely misses you. The adder closely misses you.
You riposte.
You closely miss the adder.
The adder is lightly wounded.
You take 1 damage, and have 15/29 hp.
You barely miss the adder.
The adder is lightly wounded.
The adder bites you.
You are more poisoned.
The adder poisons you!
You take 1 damage, and have 14/29 hp.
You hit the adder.
The adder is lightly wounded.
You feel sick. The adder misses you.
You riposte.
You hit the adder but do no damage.
The adder is lightly wounded.
You block the adder's attack.
You take 1 damage, and have 13/29 hp.
You hit the adder.
The adder is moderately wounded.
The adder misses you.
You miss the adder.
The adder is moderately wounded.
You feel sick. You block the adder's attack. The adder misses you.
You take 1 damage, and have 12/29 hp.
You hit the adder.
The adder is heavily wounded.
You feel sick. The adder barely misses you.
You take 1 damage, and have 11/29 hp.
You hit the adder.
The adder is heavily wounded.
You block the adder's attack. x2
You barely miss the adder.
The adder is heavily wounded.
You feel sick. The adder barely misses you.
You riposte.
You barely miss the adder.
The adder is heavily wounded.
You take 1 damage, and have 10/29 hp.
You completely miss the adder.
The adder is heavily wounded.
The adder bites you.
* * * LOW HITPOINT WARNING * * *
The adder bites you but does no damage.
You take 1 damage, and have 9/29 hp.
You barely miss the adder.
The adder is heavily wounded.
You block the adder's attack.
You barely miss the adder.
The adder is heavily wounded.
You feel sick. The adder completely misses you. The adder bites you.
* * * LOW HITPOINT WARNING * * *
You take 4 damage, and have 5/29 hp.
You now have 2/3 mp.
Okay, then.
Saving game... please wait.
Welcome back, Goblin1989 the Demonspawn Monk.
Press ? for a list of commands and other information.
Welcome back, Goblin1989 the Demonspawn Monk.
Press ? for a list of commands and other information.
Wield which item (- for none, * to show all)? (? for menu, Esc to quit)
You don't have any such object.
Wield which item (- for none, * to show all)? (? for menu, Esc to quit)
Okay, then.
It was a potion of brilliance.
You feel clever all of a sudden. The adder bites you.
* * * LOW HITPOINT WARNING * * *
You are more poisoned.
The adder poisons you!
You take 2 damage, and have 3/29 hp.
You now have 1/3 mp.
It was a potion of might.
You feel very mighty all of a sudden.
* * * LOW HITPOINT WARNING * * *
You feel sick. The adder bites you.
* * * LOW HITPOINT WARNING * * *
You take 2 damage, and have 1/29 hp.
It was a potion of lignification.
You turn into a tree.
Your +0 ring mail melds into your body.
Your roots penetrate the ground.
You die... █≈≈≈≈≈≈█ █≈≈≈≈≈≈ █. █≈≈≈≈≈ █.█ P █≈≈≈█ ██..█.≈ █≈≈≈█ ██.█≈.≈≈ █≈≈≈█ ██≈≈≈≈≈≈. ██≈≈█ █≈≈.█≈≈≈█ █S██

██≈.███.██
██♣█████
█....█...█
██....███..)......
█....∆.∆.....)...
█....∆.█.........
█....███.........
█.█████ █≈...█...█
█≈█ █≈≈≈███.██ █≈
██.≈≈█≈≈≈█ ≈
██.≈≈≈≈≈.


You could see an adder.

Vanquished Creatures
  2 bats (D:1)
  2 giant cockroaches (D:1)
  7 goblins
  2 hobgoblins (D:1)
  6 jackals (D:2)
  7 kobolds
  A ball python (D:1)
  3 frilled lizards
  A rat (D:2)
31 creatures vanquished.

Notes
Turn   | Place    | Note
-------+----------+-------------------------------------------
     0 | D:1      | Goblin1989 the Demonspawn Monk began the quest for the Orb.
     0 | D:1      | Reached XP level 1. HP: 18/18 MP: 1/1
   134 | D:1      | Gained mutation: When hurt, damage is shared between your health and your magic reserves. [demonic ancestry]
   134 | D:1      | Reached XP level 2. HP: 24/24 MP: 2/2
  1294 | D:2      | Gained mutation: You are surrounded by a mild repulsion field. (EV +2) [demonic ancestry]
  1294 | D:2      | Reached XP level 3. HP: 27/29 MP: 3/3
  1438 | D:2      | HP: 1/29 [adder (1)]
  1439 | D:2      | Succumbed to an adder's poison

Vault maps used:
D:1:      minmay_arrival_four_circles, minmay_split_cup_small
D:2:      wad_lake_hut

Skill      XL: |  1 |
---------------+----+-----
Long Blades    | 3 |  3.9
Fighting       | |  3.0
Dodging        | |  2.6
Stealth        | |  1.7

Action                   || total
-------------------------++-------
Melee: Falchion          ||   117
  Use: Potion            ||     3
 Stab: Sleeping          ||     2
  Eat: Chunk             ||     2
Armor: Robe              ||    11
       Ring mail         ||    18
Dodge: Dodged            ||    94
Block: Other             ||    13
       Rpst.: Falchion   ||    30

Vault maps used:
D:1:      minmay_arrival_four_circles, minmay_split_cup_small
D:2:      wad_lake_hut
